 Dungeon Crawl Stone Soup version 0.28-a0-723-g095bd1b44f (webtiles) character file.

Game seed: 6231839990275423377

504 ytrimaz the Grave Robber (level 6, -3/41 HPs)
             Began as a Demonspawn Necromancer on Oct 25, 2021.
             Slain by a centaur zombie (4 damage)
             ... on level 7 of the Dungeon.
             The game lasted 00:09:55 (6274 turns).

ytrimaz the Grave Robber (Demonspawn Necromancer)   Turns: 6274, Time: 00:09:55

Health: -3/41      AC: 11    Str:  9    XL:     6   Next: 96%
Magic:  12/13      EV: 12    Int: 22    God:
Gold:   161        SH:  0    Dex: 13    Spells: 10/14 levels left

rFire   . . .      SeeInvis .   d - +0 short sword (protect)
rCold   . . .      Faith    .   (no shield)
rNeg    . . .      Spirit   .   a - +0 robe
rPois   .          Reflect  .   (no helmet)
rElec   .          Harm     .   (no cloak)
rCorr   .          Rampage  .   c - +1 pair of gloves
Will    .....                   (no boots)
Stlth   ++........              (no amulet)
HPRegen 0.13/turn               (no ring)
MPRegen 0.13/turn               (no ring)

@: under a protective aura, on berserk cooldown, slowed, very slow
A: claws 1, powered by death 1, big brain 2
a: no special abilities


You were on level 7 of the Dungeon.
You visited 1 branch of the dungeon, and saw 6 of its levels.

You collected 1115 gold pieces.
You spent 954 gold pieces at shops.

Inventory:

Hand Weapons
 d - a +0 short sword of protection (weapon)
Armour
 a - a +0 robe (worn)
 c - a +1 pair of gloves (worn)
Potions
 e - a potion of heal wounds
 f - 2 potions of resistance
 g - a potion of curing
 h - a potion of lignification
 i - a potion of invisibility
 k - a potion of mutation
 l - 3 potions of attraction
 m - a potion of might
 n - a potion of flight
 o - 4 potions of ambrosia
 p - 2 potions of brilliance
 q - a potion of magic
 s - a potion of haste


   Skills:
 - Level 1.7 Dodging
 - Level 1.7 Stealth
 + Level 4.6 Spellcasting
 + Level 6.7 Necromancy
 * Level 3.9 Invocations


You had 10 spell levels left.
You knew the following spells:

 Your Spells              Type           Power      Damage    Failure   Level
a - Pain                  Necr           100%       1d9       1%          1
b - Vampiric Draining     Necr           17%        2d8       1%          3

Your spell library contained the following spells:

 Spells                   Type           Power      Damage    Failure   Level
 Animate Skeleton         Necr           68%        N/A       1%          1
 Animate Dead             Necr           17%        N/A       6%          4
 Agony                    Necr           34%        N/A       19%         5
 Call Canine Familiar     Summ           5%         N/A       32%         3
 Dazzling Flash           Conj/Hex       10%        N/A       32%         3
 Portal Projectile        Hex/Tloc       10%        N/A       32%         3
 Iskenderun's Mystic Bla  Conj/Tloc      5%         2d3       71%         4
 Leda's Liquefaction      Hex/Erth       2%         N/A       71%         4
 Starburst                Conj/Fire      2%         6d3       100%        6


Dungeon Overview and Level Annotations

Branches:
Dungeon (7/15)
 Temple: D:4-7

Altars:
Ashenzari
Fedhas
Hepliaklqana
Nemelex Xobeh
Okawaru
The Shining One

Shops:
D:3 !

Annotations:
D:6 Dowan, Duvessa


Innate Abilities, Weirdness & Mutations

You have sharp fingernails.
You regenerate a little health from kills.
You have an extremely huge brain. (Int +4)


Message History

The centaur zombie kicks you but does no damage.
Unknown command.
You barely miss the necrophage.
The necrophage is almost destroyed.
The necrophage closely misses you. The iguana completely misses you.
The centaur zombie barely misses you.
The centaur zombie completely misses you.
You puncture the necrophage!
You destroy the necrophage!
Your life force feels restored.
You barely miss the iguana. The centaur zombie closely misses you.
The centaur zombie kicks you but does no damage.
The iguana bites you but does no damage.
You closely miss the iguana.
The centaur zombie completely misses you.
The centaur zombie kicks you but does no damage.
The iguana bites you but does no damage.
Unknown command.
You hit the iguana.
The iguana is lightly wounded.
The centaur zombie hits you but does no damage.
The centaur zombie kicks you.
* * * LOW HITPOINT WARNING * * *
The iguana closely misses you.
You barely miss the iguana.
The iguana is lightly wounded.
The centaur zombie hits you but does no damage.
The centaur zombie kicks you but does no damage.
You hit the iguana.
The iguana is heavily wounded.
The centaur zombie closely misses you.
The centaur zombie kicks you but does no damage.
The iguana bites you!
* * * LOW HITPOINT WARNING * * *
You puncture the iguana!
You kill the iguana!
You are no longer berserk.
You are exhausted.
You feel yourself slow down. The centaur zombie hits you.
You die...

#### .# ..# .# #########
#.######.#
###.......####........#
##........'...........#
##........#####.......#
##.#.......#..........#
##.##.####.#...##...#...
##.##...# .#...#@..$#?#
...####.# .#...Z†.....#
.z..Z..n# .#.#.#....#.#
######### .#...#....#.#
.#####......# .......#
##....#.# #......#
#.###..#


You could see a centaur zombie.

Vanquished Creatures
  Sigmund (D:4)
  A necrophage (D:7)
  A centaur (D:4)
  An iguana (D:7)
  An orc wizard (D:3)
  A hound skeleton (D:4)
  4 gnolls
  3 adders
  An ufetubus (D:4)
  2 worms (D:2)
  2 dart slugs (D:1)
  3 orcs
  10 endoplasms
  5 giant cockroaches
  3 goblins
  5 hobgoblins
  5 quokkas
  4 ball pythons
  7 bats
  2 frilled lizards (D:1)
  5 kobolds
  7 rats
74 creatures vanquished.

Vanquished Creatures (others)
  A kobold (D:6)
1 creature vanquished.

Grand Total: 75 creatures vanquished

Notes
Turn   | Place    | Note
-------+----------+-------------------------------------------
     0 | D:1      | ytrimaz the Demonspawn Necromancer began the quest for the
                  | Orb.
     0 | D:1      | Reached XP level 1. HP: 13/13 MP: 3/3
   684 | D:1      | Gained mutation: You have an unusually large brain. (Int
                  | +2) [demonic ancestry]
   684 | D:1      | Reached XP level 2. HP: 17/19 MP: 1/5
  1257 | D:1      | Found a faded altar of an unknown god.
  1286 | D:1      | Reached skill level 5 in Necromancy
  1372 | D:1      | Reached skill level 1 in Invocations
  1726 | D:1      | Found Qasmid's Distillery.
  1732 | D:1      | Identified a scroll of acquirement
  1732 | D:1      | Acquired 894 gold pieces
  1740 | D:1      | Bought a potion of resistance for 130 gold pieces
  1740 | D:1      | Bought a potion of mutation for 104 gold pieces
  1740 | D:1      | Bought a potion of curing for 39 gold pieces
  1740 | D:1      | Bought a potion of heal wounds for 65 gold pieces
  1740 | D:1      | Bought a potion of attraction for 39 gold pieces
  1740 | D:1      | Bought a potion of might for 52 gold pieces
  1740 | D:1      | Bought a potion of flight for 39 gold pieces
  1740 | D:1      | Bought 2 potions of ambrosia for 208 gold pieces
  1740 | D:1      | Bought 2 potions of brilliance for 104 gold pieces
  1740 | D:1      | Bought a potion of magic for 104 gold pieces
  1770 | D:2      | Reached XP level 3. HP: 20/24 MP: 2/6
  1825 | D:2      | Learned a level 3 spell: Vampiric Draining
  2912 | D:3      | Found Yrovo's Distillery.
  2923 | D:3      | Bought a potion of berserk rage for 70 gold pieces
  3224 | D:3      | Gained mutation: You have an extremely huge brain. (Int +4)
                  | [demonic ancestry]
  3224 | D:3      | Reached XP level 4. HP: 25/30 MP: 0/8
  3966 | D:3      | Found a sparkling altar of Nemelex Xobeh.
  4330 | D:4      | Found a blossoming altar of Fedhas.
  4839 | D:4      | Gained mutation: You regenerate a little health from kills.
                  | [demonic ancestry]
  4839 | D:4      | Reached XP level 5. HP: 31/35 MP: 4/10
  5225 | D:4      | Found an iron altar of Okawaru.
  5307 | D:4      | Noticed Sigmund
  5309 | D:4      | Found a faded altar of an unknown god.
  5310 | D:4      | Found a hazy altar of Hepliaklqana.
  5320 | D:4      | Killed Sigmund
  5321 | D:4      | Reached skill level 6 in Necromancy
  5321 | D:4      | Gained mutation: You have sharp fingernails. [demonic
                  | ancestry]
  5321 | D:4      | Reached XP level 6. HP: 27/41 MP: 1/12
  5834 | D:4      | You fall into a shaft and drop 2 floors!
  5834 | D:6      | Noticed Duvessa
  5834 | D:6      | Noticed Dowan
  5835 | D:6      | Noticed a steam dragon
  5865 | D:6      | Found a broken altar of Ashenzari.
  6273 | D:7      | HP: 1/61 [iguana (9)]
  6274 | D:7      | Slain by a centaur zombie

Illustrated notes

Levels and vault maps discovered:
D:1:      dpeg_arrival_castle, layout_basic, serial_shops, nicolae_shop_stone,
          shapermc_ecumenical_altar_venn, minmay_box_of_dots
D:2:      layout_loops_cross
D:3:      minmay_inner_zag, layout_basic, nemelex_diamond_rough_becter,
          serial_shops, nicolae_shop_temple_entry_statues_fountains, st_stairs_7
D:4:      layout_loops_ring, mainiacjoe_overflow_alcove_2,
          overflow_temple_1_default, lemuel_crystal_altar,
          beargit_hepliaklqana_dungeon_heroes
D:6:      layout_cave_pools, mainiacjoe_overflow_two_lobes,
          cheibrodos_ashenzari_chains, serial_bayou, serial_bayou_pond_d,
          serial_bayou_pond_b, serial_bayou_pond_a, serial_bayou_pond_d,
          serial_shops, shop, uniq_duvessa
D:7:      layout_basic, bloody_makhleb, minivault_5, uniq_harold, uniq_menkaure

Skill      XL: |  1  2  3  4  5 |
---------------+----------------+-----
Necromancy     | 5 6 |  6.7
Invocations    | 1 2 3 |  3.9
Spellcasting   | 3 4 |  4.6
Dodging        | |  1.7
Stealth        | |  1.7

Action                   |  1- 3 |  4- 6 || total
-------------------------+-------+-------++-------
Melee: Unarmed           |    17 |       ||    17
       Short sword       |       |    64 ||    64
 Cast: Pain              |   102 |    48 ||   150
       Vampiric Draining |     2 |     6 ||     8
  Use: Scroll            |     5 |     5 ||    10
       Potion            |     2 |     4 ||     6
Armor: Robe              |    16 |    60 ||    76
Dodge: Dodged            |    38 |   118 ||   156

Table legend: (Time is in decaauts)
 A = Elapsed time spent in this place.
 B = Non-inter-level travel time spent in this place.
 C = Inter-level travel time spent in this place.
 D = Time resting spent in this place.
 E = Time spent auto-exploring this place.
 F = Levels seen in this place.
 G = Mean time per level.
                   A        B        C        D        E       F      G
               +--------+--------+--------+--------+--------+-----+--------+
         Total |   6289 |   6225 |     64 |   1191 |   3945 |   6 | 1048.2 |
       Dungeon |   6289 |   6225 |     64 |   1191 |   3945 |   6 | 1048.2 |
               +--------+--------+--------+--------+--------+-----+--------+

Top non-repeatable levels by time:
     D:1: 1899 daAuts
     D:3: 1412 daAuts
     D:4: 1371 daAuts
     D:2: 1168 daAuts
     D:7: 390 daAuts
     D:6: 46 daAuts
